[Event "Championnat d'Europe de Blitz"]
[Date "2024.12.09"]
[White "Jobava, Baadur"]
[Black "Saric, Ante"]
[WhiteElo "2578"]
[BlackElo "2482"]
[Round "4.5"]
[Result "1-0"]
[TimeControl "180+2"]

1. e4 d5 2.
exd5 Nf6 3.
d4 Bg4 4.
Be2 Bxe2 5.
Qxe2 Qxd5 6.
Nf3 e6 7. O-O Nc6 8. Rd1 O-O-O 9. c4 Qf5 10. Nc3 Be7 11. h3 Rhg8 12. Be3 g5 13. g4 Qg6 14. d5 exd5 15. cxd5 Nb4 16. Qc4 Bd6 17. Rac1 h5 18. Nb5 Na6 19. Nxa7+ Kb8 20. Nc6+ Kc8 21. Nfe5 Qh7 22. Na7+ Kb8 23. Nec6+ Ka8 24. Nb5 hxg4 25. Qd4 b6 26. Qa4 Kb7 27. Na5+ bxa5 28. Qd4 Bh2+ 29. Kxh2 Qxh3+ 30. Kg1 Ra8 31. Rxc7+ 1-0

[Site "Europe Echecs"]

[Event "Championnat d'Europe de Blitz"]
[Date "2024.12.09"]
[White "Gavrilescu, David"]
[Black "Santos Latasa, Jaime"]
[WhiteElo "2549"]
[BlackElo "2628"]
[Round "4.6"]
[Result "1/2-1/2"]
[TimeControl "180+2"]

1. e4 c5 2. Nf3 Nc6 3. Bb5 e6 4. O-O Nge7 5. Re1 a6 6. Bf1 d5 7. exd5 Nxd5 8. d4 Nf6 9. Be3 cxd4 10. Nxd4 Bd7 11. c4 Qc7 12. Nc3 Bd6 13. h3 O-O 14. Rc1 Rfd8 15. Nxc6 Bxc6 16. Qb3 Qe7 17. Bb6 Rd7 18. Rcd1 Bc5 19. Bxc5 Qxc5 20. Na4 Bxa4 21. Qxa4 Rad8 22. Rxd7 Rxd7 23. Rd1 Rxd1 24. Qxd1 Qc7 25. b4 a5 26. a3 axb4 27. axb4 b6 28. Qf3 Qc8 29. Qe3 Nd7 30. h4 h5 31. Qd4 Qc7 32. g3 g6 33. Be2 Kf8 34. Qe4 Ke7 35. Qd4 Kf8 36. Qh8+ Ke7 37. Qd4 1/2-1/2

[Site "Europe Echecs"]

[Event "Championnat d'Europe de Blitz"]
[Date "2024.12.09"]
[White "Van Foreest, Jorden"]
[Black "Georgiev, Kiril"]
[WhiteElo "2677"]
[BlackElo "2537"]
[Round "4.7"]
[Result "1-0"]
[TimeControl "180+2"]

1. e4 e5 2.
Nf3 Nc6 3. Bb5 Nf6 4. O-O Nxe4 5. Re1 Nd6 6. Nxe5 Be7 7. Bf1 Nf5 8. Nf3 d5 9. d4 O-O 10. Nc3 Bf6 11. Ne2 Re8 12. c3 g6 13. g3 Nce7 14. a4 a5 15. Bg2 c6 16. Nf4 Ng7 17. Nd3 Nef5 18. Bf4 Rxe1+ 19. Qxe1 Ne6 20. Bd2 Nd6 21. Nfe5 Bg7 22. h4 Nc4 23. Nxc4 dxc4 24. Ne5 c5 25. d5 Nc7 26. Nxc4 Nxd5 27. Bg5 Nf6 28. Rd1 Qf8 29. Nb6 Ra6 30. Nxc8 Qxc8 31. Qe7 Bf8 32. Rd8 1-0

[Site "Europe Echecs"]

[Event "Championnat d'Europe de Blitz"]
[Date "2024.12.09"]
[White "Alonso Rosell, Alvar"]
[Black "Dvirnyy, Danyyil"]
[WhiteElo "2532"]
[BlackElo "2491"]
[Round "4.8"]
[Result "1-0"]
[TimeControl "180+2"]

1. d4 Nf6 2. Nf3 d5 3. e3 g6 4. c4 c6 5. Be2 Bg7 6. O-O O-O 7. a4 c5 8. dxc5 Na6 9. b3 Ne4 10. Nd4 Nexc5 11. Ba3 e5 12. Nb5 d4 13. exd4 exd4 14. Bf3 Bf5 15. Bb2 d3 16. Bxg7 Kxg7 17. N1c3 Nb4 18. Nd5 Nxd5 19. Bxd5 a5 20. Rb1 Qf6 21. Qd2 Rfd8 22. Nc3 Re8 23. Bf3 Qd4 24. Nb5 Qe5 25. Rfe1 Qf6 26. Rxe8 Rxe8 27. Nc3 b6 28. Nd5 Qd6 29. Qc3+ f6 30. h3 h5 31. Rd1 h4 32. Qd4 g5 33. Ne3 Qe5 34. Qd6 Kg6 35. Qxb6 Be4 36. Qb5 Bxf3 37. gxf3 Rd8 38. Qxa5 Rd4 39. Qa8 Nxb3 40. Qg8+ 1-0

[Site "Europe Echecs"]

[Event "Championnat d'Europe de Blitz"]
[Date "2024.12.09"]
[White "Muradli, Mahammad"]
[Black "Bernadskiy, Vitaliy"]
[WhiteElo "2588"]
[BlackElo "2546"]
[Round "4.9"]
[Result "1-0"]
[TimeControl "180+2"]

1. Nf3 Nf6 2. c4 b6 3. g3 Bb7 4. d4 g6 5. Nc3 Bg7 6. d5 O-O 7. Bg2 Na6 8. O-O Nc5 9. Nd4 e5 10. Nb3 d6 11. Nxc5 bxc5 12. a3 a5 13. a4 Bc8 14. Nb5 Nh5 15. Bd2 f5 16. Qe1 f4 17. Bxa5 Rf7 18. Ra3 g5 19. b4 cxb4 20. Qxb4 c5 21. Bxd8 cxb4 22. Rb3 Rxa4 23. Nxd6 Rd7 24.
Nxc8 Rxd8 25. Nb6 Ra2 26. Rxb4 Bf8 27. Rb5 fxg3 28. hxg3 Rc2 29. Be4 Rc3 30. Rd1 Nf6 31. Bf5 e4 32. e3 h5 33. Rd4 h4 34. gxh4 gxh4 35. Bxe4 h3 36. Bf5 Rc1+ 37. Kh2 Bd6+ 38.
Kxh3 Kg7 39.
Kg2 Rh8 40.
Nd7 Rh2+ 41.
Kf3 Rf1 42.
Rd2 Nh7 43.
e4 Re1 44. e5 Ng5+ 45. Kf4 Rh4+ 46. Kxg5 Be7+ 47. Nf6 Rh2 48. Rb7 Rxe5 1-0

[Site "Europe Echecs"]

[Event "Championnat d'Europe de Blitz"]
[Date "2024.12.09"]
[White "Kazakouski, Valery"]
[Black "Pancevski, Filip"]
[WhiteElo "2567"]
[BlackElo "2420"]
[Round "4.10"]
[Result "1-0"]
[TimeControl "180+2"]

1. e4 d6 2. d4 Nf6 3. Nc3 e5 4. Nge2 Be7 5. g3 c6 6.
a4 b6 7. Bg2 Nbd7 8. h3 h5 9. O-O a6 10. d5 c5 11. h4 Nf8 12. Kh1 Ng6 13. Bg5 Ng4 14. Bxe7 Qxe7 15. Ng1 Bd7 16. Nh3 O-O 17. Qd2 b5 18. f3 Nf6 19. Qg5 Rfb8 20. axb5 axb5 21. Rfc1 Nf8 22. Nd1 Qd8 23. Qd2 Rxa1 24. Rxa1 Ra8 25. Qc1 Ra5 26. Ne3 Qa8 27. Rxa5 Qxa5 28.
c3 g6 29.
Nf2 Ne8 30.
Nd3 Qa2 31.
f4 exf4 32.
gxf4 Qa7 33.
e5 Qc7 34.
c4 Ng7 35.
Be4 Qd8 36.
Qe1 bxc4 37. Nxc4 dxe5 38. fxe5 Bf5 39. Nd6 Bxe4+ 40. Qxe4 Qd7 41. Kg2 Qe7 42. Nxc5 Nf5 43. Nxf5 Qxc5 44. Ne3 Qc1 45. Nc4 Qd1 46. e6 fxe6 47. dxe6 1-0

[Site "Europe Echecs"]

[Event "Championnat d'Europe de Blitz"]
[Date "2024.12.09"]
[White "Arnaudov, G. Petar"]
[Black "Van Foreest, Lucas"]
[WhiteElo "2401"]
[BlackElo "2520"]
[Round "4.11"]
[Result "1/2-1/2"]
[TimeControl "180+2"]

1. Nf3 d5 2.
g3 b6 3. Bg2 Bb7 4. O-O e6 5. d3 Nf6 6. Nbd2 Nbd7 7. e4 h6 8. exd5 Bxd5 9. b3 Be7 10. Bb2 c5 11. a4 O-O 12. Qe2 Qc7 13. Ne5 Bxg2 14. Kxg2 Nxe5 15. Bxe5 Qd7 16. f4 Nd5 17. Nf3 Bf6 18. Bxf6 Nxf6 19. Ne5 Qc7 20. Qf3 Nd7 21. Nxd7 Qxd7 22. a5 b5 23. a6 Rab8 24. Rfe1 Rb6 25. Re5 Rc8 26. h4 Qd4 27. Rae1 Rxa6 28. Qb7 Rac6 29.
Qxb5 Rb6 30.
Qc4 a5 31.
f5 Qxc4 32.
dxc4 exf5 33. Ra1 Re6 34. Rxf5 Re2+ 35. Rf2 Re3 36. Rxa5 h5 37. Ra7 f6 38. Rd7 Kh7 39. Rd3 Rxd3 40. cxd3 Rb8 41. Rf5 Rxb3 42. Rxh5+ Kg6 43. Rxc5 Rxd3 44. h5+ Kh6 45. Kh3 g6 46. hxg6 Kxg6 47.
Rc8 f5 48. Kg2 Rc3 49. Kf2 Kf6 50. c5 Ke5 51. c6 Kd6 52. Rf8 Ke6 53. Rc8 Kd6 54. Rd8+ Ke6 55. Rc8 1/2-1/2

[Site "Europe Echecs"]

[Event "Championnat d'Europe de Blitz"]
[Date "2024.12.09"]
[White "Fridman, Daniel"]
[Black "Grigoriants, Sergey"]
[WhiteElo "2571"]
[BlackElo "2542"]
[Round "4.12"]
[Result "0-1"]
[TimeControl "180+2"]

1. Nf3 d5 2. g3 g6 3. Bg2 Bg7 4. d4 Nf6 5. c4 c6 6. Nbd2 O-O 7. O-O Bf5 8. b3 Qa5 9. Bb2 Nbd7 10. a3 Rfe8 11. Rc1 Ne4 12. Nxe4 Bxe4 13. Bh3 Nf6 14. Ne5 Rad8 15. b4 Qa6 16. c5 Bf5 17. Bxf5 gxf5 18. a4 e6 19. Re1 Nd7 20. Nf3 b5 21. Ra1 Rb8 22. axb5 Qxb5 23. Rxa7 Qxb4 24. Ba3 Qc3 25. e3 Red8 26. Qe2 Ra8 27. Rxa8 Rxa8 28. Bc1 Ra1 29. Bb2 Rxe1+ 30. Nxe1 Qb3 31. Nd3 Qb5 32. Qd2 Nf6 33. f3 Nd7 34. Kf2 Qc4 35. Qc3 Qb5 36. Ke2 h6 37. Qb4 Qa6 38. Qb3 Kf8 39.
Bc3 Ke7 40.
Bd2 Bf6 41.
Kf2 Bg7 42. Nb2 e5 43. Bc3 e4 44. f4 h5 45. Qa4 Qxa4 46. Nxa4 Kd8 47. Ba5+ Kc8 48. Kg2 Bf6 49. h3 Kb7 50. Be1 Ka6 51. Nc3 Nf8 52. g4 hxg4 53. hxg4 fxg4 54. Kg3 Kb7 55.
Kxg4 Kc7 56.
Kh5 Ne6 57.
Ne2 Kd7 58.
Bh4 Ng7+ 59.
Kg4 Bxh4 60.
Kxh4 Nf5+ 61. Kg5 Nxe3 62. Kf6 Ke8 63. Ng3 Nc2 64. Ne2 e3 65. f5 Kf8 66. Ke5 Ke7 67. f6+ Kd7 68. Kf5 Nb4 69. Kf4 Ke6 70. Kxe3 Kxf6 71. Nf4 Kf5 72. Ne2 Kg4 73. Nc3 f5 74. Kf2 f4 75. Ne2 Nc2 76. Nc1 Nxd4 77. Nd3 Kf5 78. Nb4 0-1

[Site "Europe Echecs"]

[Event "Championnat d'Europe de Blitz"]
[Date "2024.12.09"]
[White "Mohr, Georg"]
[Black "Quparadze, Giga"]
[WhiteElo "2385"]
[BlackElo "2537"]
[Round "4.13"]
[Result "0-1"]
[TimeControl "180+2"]

1. Nf3 c5 2. c4 Nc6 3. Nc3 Nf6 4. g3 d5 5. cxd5 Nxd5 6. Bg2 Nc7 7. O-O e5 8. d3 Be7 9. Nd2 Bd7 10. Nc4 f6 11. Ne3 O-O 12. Ned5 Nxd5 13. Nxd5 Bd6 14. Bd2 Kh8 15. a3 Be6 16. b4 Rc8 17. Rb1 b6 18. Be3 Nd4 19. Bd2 f5 20. e3 Nc6 21. Qa4 Qd7 22. Rfc1 Rfd8 23. bxc5 Bxc5 24. Nb4 Na5 25. Qxd7 Rxd7 26. Na6 Nb3 27. Nxc5 bxc5 28. Rd1 Rxd3 29. Be1 c4 30. Bf1 Rxd1 31. Rxd1 c3 32.
Bxc3 Rxc3 33. Rd8+ Bg8 34. Ra8 a5 35. a4 g6 36. Bb5 Kg7 37. Ra7+ Kh6 38. h4 Rc1+ 39. Kg2 Bd5+ 40. f3 Rc2+ 0-1

[Site "Europe Echecs"]

[Event "Championnat d'Europe de Blitz"]
[Date "2024.12.09"]
[White "Krallis, Christos"]
[Black "Mastrovasilis, Dimitrios"]
[WhiteElo "2383"]
[BlackElo "2537"]
[Round "4.14"]
[Result "1-0"]
[TimeControl "180+2"]

1. e4 c5 2.
Nf3 e6 3. c3 Nf6 4. Bd3 d5 5. e5 Nfd7 6. Bc2 d4 7. O-O Nc6 8. Re1 Be7 9. Qe2 b6 10. b4 cxb4 11.
cxd4 Bb7 12.
d5 exd5 13.
e6 O-O 14. exd7 Bf6 15. d4 Qxd7 16. Qd3 g6 17. Bh6 Rfe8 18. Nbd2 Rxe1+ 19. Rxe1 Re8 20. Rxe8+ Qxe8 21. h4 Bc8 22. Qb5 Qe6 23. Bb3 Nxd4 24. Nxd4 Bxd4 25. Nf3 Bc5 26. Bxd5 Bd7 27. Qc4 Qe7 28. Qf4 Qe8 29. Qf6 Bf8 30. Ng5 Be6 1-0

[Site "Europe Echecs"]

[Event "Championnat d'Europe de Blitz"]
[Date "2024.12.09"]
[White "Smeets, Jan"]
[Black "Larkin, Vladyslav"]
[WhiteElo "2552"]
[BlackElo "2449"]
[Round "4.15"]
[Result "0-1"]
[TimeControl "180+2"]

1. e4 d6 2. d4 Nf6 3. Nc3 c6 4. f4 Qa5 5. Bd3 e5 6. Nf3 exd4 7. Nxd4 Qb6 8. Nb3 a5 9. a4 Na6 10. Qe2 Bg4 11. Qe3 Qxe3+ 12. Bxe3 Nb4 13. f5 d5 14. e5 Nd7 15. O-O Nxd3 16.
cxd3 g6 17.
e6 fxe6 18.
fxe6 Bxe6 19. Bd4 Rg8 20. Rae1 Ke7 21. Bc5+ Kd8 22. Bxf8 Nxf8 23. Rxf8+ Rxf8 24. Rxe6 Rf7 25. Ne2 Kc7 26. h3 Ra6 27. Nc5 Ra8 28. d4 Raf8 29. Nd3 Rf1+ 30. Kh2 R8f7 31. Ne5 Rg7 32. Re8 Rb1 33. Nf4 Kd6 34. Ne6 Re7 35.
Rxe7 Kxe7 36. Nc5 Rxb2 37. Ned3 Rb1 38. Ne5 Kd6 39. Kg3 b6 40. Ncd3 c5 41. Kf4 0-1

[Site "Europe Echecs"]

[Event "Championnat d'Europe de Blitz"]
[Date "2024.12.09"]
[White "Motylev, Alexander"]
[Black "Bulmaga, Irina"]
[WhiteElo "2596"]
[BlackElo "2386"]
[Round "4.16"]
[Result "1/2-1/2"]
[TimeControl "180+2"]

1. e4 e5 2. Nf3 Nc6 3. d4 exd4 4. Nxd4 Nf6 5. Nxc6 bxc6 6. e5 Qe7 7. Qe2 Nd5 8. Nd2 g6 9. c4 Ba6 10. Nf3 Bg7 11. Bg5 Qb4+ 12. Qd2 Qxd2+ 13. Bxd2 Nb6 14. b3 O-O 15. O-O-O d5 16. cxd5 Bxf1 17. Rhxf1 cxd5 18. Kb1 Rfe8 19. Rc1 Rac8 20. Rc6 Bxe5 21. Nxe5 Rxe5 22. Rfc1 Na8 23. Be3 Rd8 24. Rd1 Re6 25. Rxe6 fxe6 26. Bxa7 e5 27. Re1 e4 28. f3 exf3 29. gxf3 Kf7 30. Kc2 Nb6 31. Bxb6 cxb6 32. a4 Kf6 33. Kc3 Kf5 34. Re7 h5 35. Kd4 Rd6 36. b4 Kf4 37. Rf7 Kg5 38. Re7 Kf4 39. Rf7 Kg5 40. Rc7 Kf4 41. Rf7 1/2-1/2

[Site "Europe Echecs"]

[Event "Championnat d'Europe de Blitz"]
[Date "2024.12.09"]
[White "Ragger, Markus"]
[Black "Vyval, Volodymyr"]
[WhiteElo "2577"]
[BlackElo "2269"]
[Round "4.17"]
[Result "1-0"]
[TimeControl "180+2"]

1. d4 Nf6 2. c4 g6 3. Nc3 d5 4.
cxd5 Nxd5 5.
e4 Nxc3 6. bxc3 Bg7 7. Nf3 c5 8. Bb5+ Nc6 9. O-O O-O 10. Bxc6 bxc6 11. Qc2 cxd4 12. cxd4 Bg4 13. Ne5 Qxd4 14. Bb2 Qb6 15. Rab1 Bxe5 16. Bxe5 Qa5 17. Bc3 Qc5 18. Rbc1 a5 19. Qd2 Qd6 20. Qh6 f6 21. e5 fxe5 22. Rfe1 Rf5 23. h3 Rh5 24. Qe3 Be6 25. g4 Rh4 26. Bxe5 Qd7 27. Bg3 Rxh3 28.
Qxe6+ Qxe6 29. Rxe6 1-0

[Site "Europe Echecs"]

[Event "Championnat d'Europe de Blitz"]
[Date "2024.12.09"]
[White "Aizenberg, Benny"]
[Black "Peyrer, Konstantin"]
[WhiteElo "2425"]
[BlackElo "2440"]
[Round "4.18"]
[Result "0-1"]
[TimeControl "180+2"]

1. e4 e5 2. Nf3 Nc6 3. Bb5 a6 4. Ba4 f5 5. d3 fxe4 6. dxe4 Nf6 7. Nc3 d6 8. h3 Be7 9. Bb3 Na5 10. Bg5 Nxb3 11. axb3 O-O 12. O-O Be6 13. Re1 Qe8 14. Bxf6 Bxf6 15. Nd5 Bd8 16. Nh2 Qg6 17. Qd3 c6 18. Nc3 Bb6 19. Re2 Rad8 20. Rf1 Rf4 21. Kh1 Bc8 22. f3 Bd4 23. Nd1 d5 24. Nf2 Bb6 25. exd5 Bf5 26. Qd2 Rxd5 27. Qc1 Qg3 28. Ne4 Qh4 29. g3 Rxe4 30. gxh4 Rxe2 31. Re1 Rxc2 32. Qg5 Bxh3 33. Ng4 Bg2+ 34. Kh2 Bxf3+ 35. Kg3 e4 36. Nf6+ Kf7 37. Nxd5 Rg2+ 38. Kf4 Rxg5 39. Nxb6 Rb5 40. Nc4 Kf6 41.
Re3 g5+ 42.
hxg5+ Rxg5 43. Nd6 Rg4# 0-1

[Site "Europe Echecs"]

[Event "Championnat d'Europe de Blitz"]
[Date "2024.12.09"]
[White "Magold, Filip"]
[Black "Deac, Bogdan-Daniel"]
[WhiteElo "2428"]
[BlackElo "2696"]
[Round "4.19"]
[Result "0-1"]
[TimeControl "180+2"]

1. e4 c6 2.
d4 d5 3. e5 Bf5 4. Nf3 e6 5. Be2 Ne7 6. O-O Ng6 7. b3 Nd7 8. c4 f6 9. cxd5 exd5 10. exf6 Nxf6 11. Re1 Bb4 12. Bd2 Bxd2 13. Nbxd2 O-O 14. Nf1 Nf4 15. Ne3 Be4 16. Bf1 Bxf3 17. gxf3 N6h5 18. Ng4 Qh4 19. Re5 Nf6 20. Ne3 Nd7 21. Rf5 g6 22. Rxf8+ Rxf8 23. Qd2 Qg5+ 24. Kh1 Nf6 25. Re1 Ne6 26. Bh3 Ng7 27. Qd3 Qh4 28. Bg2 Qxf2 29. Re2 Qh4 30. Nf1 Ngh5 31. Qe3 Nf4 32. Rd2 Re8 33. Qf2 Qxf2 34. Rxf2 Re2 35. Rxe2 Nxe2 0-1

[Site "Europe Echecs"]

[Event "Championnat d'Europe de Blitz"]
[Date "2024.12.09"]
[White "Navara, David"]
[Black "Schneider, Ilja"]
[WhiteElo "2665"]
[BlackElo "2414"]
[Round "4.20"]
[Result "1-0"]
[TimeControl "180+2"]

1. e4 e5 2. Nf3 Nc6 3. Bb5 a6 4. Ba4 Bc5 5. c3 Nge7 6. d4 exd4 7. cxd4 Bb4+ 8. Nc3 d5 9. O-O dxe4 10. Nxe4 O-O 11. h3 Bf5 12. Ng3 Bg6 13. a3 Bd6 14. d5 Bxg3 15. dxc6 Qxd1 16. Rxd1 Bd6 17.
cxb7 Rab8 18. Bg5 Rxb7 19. b4 h6 20. Bd2 Rbb8 21. Rac1 Rfd8 22. Be3 Ra8 23. Bc5 Be4 24. Bxd6 cxd6 25. Nd4 Ng6 26. f3 Bd5 27. Nf5 Be6 28. Nxd6 Nf4 29. Kh2 Nd5 30. Nb7 Rdb8 31. Nc5 Ne3 32. Re1 Nd5 33. Nxe6 fxe6 34.
Rxe6 Nf4 35.
Re7 Rd8 36.
Rcc7 g5 37.
Bb3+ Kf8 38.
Rf7+ 1-0

[Site "Europe Echecs"]

[Event "Championnat d'Europe de Blitz"]
[Date "2024.12.09"]
[White "Pultinevicius, Paulius"]
[Black "Papasimakopoulos, Alexandros"]
[WhiteElo "2579"]
[BlackElo "2379"]
[Round "4.21"]
[Result "1-0"]
[TimeControl "180+2"]

1. Nf3 Nf6 2. c4 e6 3. e3 d5 4. Nc3 Be7 5. b3 b6 6. Bb2 Bb7 7. cxd5 exd5 8. Rc1 O-O 9. Ne2 c5 10. Ng3 d4 11. Nf5 Re8 12. Bb5 Bc6 13. N3xd4 Bxb5 14. Nxb5 Nc6 15. Qf3 Nb4 16. O-O Nd3 17. Nxe7+ Qxe7 18. Bxf6 gxf6 19. Nc3 Qe5 20. Nd5 f5 21. Rc3 Nb4 22. Nxb4 cxb4 23. d4 Qe4 24. Rc4 a5 25. Qg3+ Qg4 26. Rfc1 Qxg3 27. hxg3 Kg7 28. Rc6 Re6 29. Rxe6 fxe6 30. Rc6 Kf7 31. Rxb6 Rc8 32. Rb5 Rc1+ 33. Kh2 Rc2 34.
Rxa5 Rxf2 35. Ra4 Kf6 36. g4 fxg4 37. Kg3 Re2 38. Kxg4 Rxg2+ 39. Kf3 Rc2 40. e4 h5 41. Ra6 Kf7 42. Kf4 Rg2 43. Ra8 Kg7 44. Ra5 Kg6 45. Re5 h4 46. Rxe6+ Kg7 47. Rc6 h3 48. Rc1 h2 49. Rh1 Rxa2 50. d5 Kf7 51. Ke5 Ke7 52. Kd4 Rc2 53.
e5 Kd7 54. Ke3 Ke7 55. Kf3 Rd2 56. Ke4 Rc2 57. d6+ Ke6 58. Kd4 Rd2+ 59. Kc5 Kxe5 60. d7 Rxd7 61. Rxh2 Rd3 62. Re2 Kf5 63. Kxb4 Rd8 64. Re3 Kf4 65. Re7 Rb8+ 66.
Kc3 Rc8+ 67. Kb2 Rb8 68. Re1 Kf5 69. Re2 Kf4 70. Re7 Kf5 71. Kc2 Rc8+ 72. Kd2 Rd8+ 73. Ke2 Rb8 74. Re3 Kf4 75. Kf2 Rh8 76.
Ke2 Rb8 77. Kd2 Rd8+ 78. Rd3 Rb8 79. Kc3 Ke4 80. Rd4+ Ke5 81. b4 Rc8+ 82. Kd3 Rb8 83.
Kc3 Rc8+ 84. Rc4 Rb8 85. Rc6 Kd5 86. Rh6 Rc8+ 87. Kb3 Rb8 88. Ka4 Ra8+ 89. Kb5 Rb8+ 90. Rb6 Ra8 91.
Rb7 Kd6 92.
Kb6 Rc8 93. b5 Rc1 94. Rb8 Kd7 95. Kb7 Rc7+ 96. Ka6 Rc1 97. b6 Ra1+ 98. Kb7 Rh1 99. Rc8 Rb1 100. Rc3 Rb4 101. Rd3 Ke7 102. Kc7 Ke6 103. b7 Ke7 1-0

[Site "Europe Echecs"]

[Event "Championnat d'Europe de Blitz"]
[Date "2024.12.09"]
[White "Diermair, Andreas"]
[Black "Sargissian, Gabriel"]
[WhiteElo "2433"]
[BlackElo "2628"]
[Round "4.22"]
[Result "1/2-1/2"]
[TimeControl "180+2"]

1. Nf3 d5 2. g3 Nf6 3. Bg2 c6 4. O-O Bg4 5. c4 e6 6. h3 Bh5 7. d4 Be7 8. Nc3 O-O 9. Ne5 Nbd7 10. cxd5 Nxd5 11.
Nxd5 cxd5 12. Nd3 Bd6 13. Nf4 Bxf4 14. Bxf4 Rc8 15. Qd2 Qb6 16. Rac1 Nf6 17. g4 Bg6 18. f3 Qa6 19. a3 Qb5 20. Rxc8 Rxc8 21. Rc1 Rc4 22. Bf1 h6 23. e3 Rxc1 24. Qxc1 Bd3 25. Bxd3 Qxd3 26.
Qc8+ Kh7 27. Qxb7 Qd1+ 28. Kf2 Qd2+ 29. Kf1 Qd1+ 30. Kf2 Qd2+ 31. Kf1 Qd1+ 32. Kf2 Qd2+ 33. Kf1 Qd1+ 34.
Kf2 1/2-1/2

[Site "Europe Echecs"]

[Event "Championnat d'Europe de Blitz"]
[Date "2024.12.09"]
[White "Zhukovskyi, Myhaylo"]
[Black "Kozul, Zdenko"]
[WhiteElo "2189"]
[BlackElo "2519"]
[Round "4.23"]
[Result "0-1"]
[TimeControl "180+2"]

1. Nf3 Nf6 2. g3 g6 3. Bg2 Bg7 4. O-O d5 5. d4 O-O 6. c4 c6 7. a4 a5 8. cxd5 cxd5 9. Qb3 Nc6 10. Bf4 Nb4 11. Na3 Bd7 12.
Rfc1 Bc6 13.
Ne5 Qb6 14.
Nc2 e6 15.
Bd2 Rfb8 16.
Nxb4 axb4 17. Qxb4 Qxb4 18. Bxb4 Rxa4 19. Rxa4 Bxa4 20. Bd6 Ra8 21.
Ra1 Ra6 22.
Ba3 Nd7 23.
Nxd7 Bxd7 24. Rd1 Bf8 25. Rd3 Bb5 26. Re3 Bxa3 27. bxa3 0-1

[Site "Europe Echecs"]

[Event "Championnat d'Europe de Blitz"]
[Date "2024.12.09"]
[White "Beerdsen, Thomas"]
[Black "Ribeiro, Rodrigo"]
[WhiteElo "2502"]
[BlackElo "2143"]
[Round "4.24"]
[Result "1-0"]
[TimeControl "180+2"]

1. e4 c5 2. Nf3 e6 3. d4 cxd4 4. Bg5 Qb6 5. Qxd4 Qxd4 6. Nxd4 a6 7. Nd2 h6 8. Be3 Nc6 9. Nxc6 dxc6 10. Nc4 b5 11. Nb6 Rb8 12. Nxc8 Rxc8 13. a4 Nf6 14. axb5 axb5 15. f3 Bd6 16. Ra6 Kd7 17. Bd3 Ra8 18. Rxa8 Rxa8 19. Kd2 Ra2 20. b3 Bb4+ 21. Ke2 Kc7 22. Bd4 Ne8 23. Ra1 Rxa1 24. Bxa1 h5 25. f4 Bd6 26. Kf3 Kd7 27. g4 hxg4+ 28. Kxg4 Ke7 29. h4 Nf6+ 30. Kf3 Nh5 31. e5 Bc5 32. Be4 Kd7 33. f5 exf5 34. Bxf5+ Ke7 35.
Be4 Kd7 36.
Kg4 g6 37. e6+ Kxe6 38. Bxc6 b4 39. c3 Nf6+ 40. Kf3 bxc3 41. Bxc3 Nd5 42. Bd2 Nb4 43. Bb5 Kf5 44. Bd7+ Kf6 45. Bc3+ Ke7 46. Bb5 Nd5 47. Bd2 Bb4 48. Bg5+ f6 49. Bc1 Bc3 50. Bc4 Nb4 51. Be3 Kd6 52. Bf4+ Be5 53. Bd2 Kc5 54. Bf7 Nc2 55. Bxg6 Nd4+ 56. Ke4 Nxb3 57. Be3+ Kd6 58. h5 f5+ 59. Kxf5 Bh8 60. Bf7 Nc5 61. Kg6 Ne4 62. Kh7 Bc3 63. h6 Ke7 64. Bb3 Kf8 65. Kg6 Bh8 66. Bc2 Nd6 67. Bc5 Ke7 68. Ba4 Bb2 69. h7 Ke6 70. Bb3+ Ke7 71. Bb4 Bh8 72. Bd2 Ne8 73. Ba4 Nd6 74. Bg5+ Ke6 75. Bb3+ Ke5 76. Bc1 Nf5 77. Kf7 1-0

[Site "Europe Echecs"]

[Event "Championnat d'Europe de Blitz"]
[Date "2024.12.09"]
[White "Zlatkov, Anton"]
[Black "Saraci, Nderim"]
[WhiteElo "2324"]
[BlackElo "2431"]
[Round "4.25"]
[Result "1-0"]
[TimeControl "180+2"]

1. c4 Nf6 2. Nc3 e6 3. e4 d5 4. cxd5 exd5 5. e5 d4 6. exf6 dxc3 7. Bb5+ c6 8. Qe2+ Be6 9. Bc4 Qxf6 10. dxc3 Be7 11. Bxe6 Qxe6 12. Qxe6 fxe6 13. Nf3 Bf6 14. Bf4 Nd7 15. O-O-O Nb6 16. Rhe1 O-O 17. Be5 Rae8 18. Re2 Nd5 19. g3 Bd8 20. Nd4 g5 21. c4 Nb6 22. b3 Nd7 23. Bd6 Rf6 24. Nc2 Bb6 25. f4 gxf4 26. Bxf4 Rf7 27. Be5 Rf5 28. Rxd7 Rf7 29. Rxf7 Kxf7 30. Bd4 Bc7 31. Rf2+ Ke7 32. Bc5+ Kd8 33. Rf7 h5 34. Ne3 b6 35. Bb4 Kc8 36.
Rf8 Rxf8 37.
Bxf8 h4 38. gxh4 Bxh2 39. h5 Bf4 40. Kd2 Kd7 41. h6 Ke8 42. h7 Be5 43. Ng4 Bh8 44. Bd6 Kf7 45. Be5 1-0

[Site "Europe Echecs"]

[Event "Championnat d'Europe de Blitz"]
[Date "2024.12.09"]
[White "Samunenkov, Ihor"]
[Black "Domingo Nunez, Ruben"]
[WhiteElo "2543"]
[BlackElo "2409"]
[Round "4.26"]
[Result "0-1"]
[TimeControl "180+2"]

1. d4 g6 2. Nf3 Bg7 3. g3 Nf6 4. Bg2 O-O 5. O-O d6 6. Re1 Nc6 7. d5 Nb8 8. c4 c5 9. Nc3 Nbd7 10. e4 Ne8 11. Bf4 Ne5 12. Nxe5 dxe5 13. Be3 b6 14. a3 Nd6 15. Qd3 f5 16. exf5 Bxf5 17. Qe2 Qd7 18. b4 e4 19. Rac1 Bg4 20. Qc2 Nxc4 21. bxc5 Nxe3 22. fxe3 Bxc3 23. Qxc3 Qxd5 24. Qb4 bxc5 25. Rxc5 Qf7 26. Rc2 Bf3 27. Bf1 Kh8 28. Bc4 Qf6 29. Bd5 Rab8 30. Qa4 Rb2 31. Rf1 Qb6 32. Rxb2 Qxb2 33. Qd4+ Qxd4 34. exd4 Kg7 35. Re1 Rf6 36. a4 Rd6 37. Bb7 Rxd4 38. Kf2 Rxa4 39.
Ke3 Kf6 40.
Rc1 Ra3+ 41. Kd4 Rd3+ 42. Kc4 Rd6 43. Ra1 a6 44. Rf1 Ke5 45. Re1 Rb6 46. Ba8 Rb8 47. Bc6 Kd6 48. Bxe4 Bxe4 49. Rxe4 e5 50. Rh4 Rb7 51. Kc3 Kd5 52.
Ra4 Rb6 53. g4 Rc6+ 54. Kd3 e4+ 55. Ke3 Rc5 56. Rxa6 Rc3+ 57. Kf2 Ke5 58. Ra7 Kf4 59. Rf7+ Kxg4 60. Rxh7 Rh3 61. Re7 Rxh2+ 62. Ke3 Kf5 63. Rf7+ Kg4 64. Rf4+ Kg5 65. Rxe4 Rh4 66. Re8 Rf4 67. Rg8 Rf6 68. Ke2 Kg4 69. Ke3 g5 70. Rg7 Kh4 71. Ke2 g4 72. Ke3 Kh3 73. Ke2 g3 74. Rh7+ Kg2 75. Re7 Kg1 76. Ke1 g2 77. Ke2 Rf5 78. Ke1 Kh2 79. Rh7+ Kg1 80. Re7 Rf4 81. Ke2 Rf2+ 82. Ke1 Ra2 83. Re8 Kh2 84. Rh8+ Kg1 85. Re8 Ra4 86. Re7 Rh4 87. Re8 Kh2 0-1

[Site "Europe Echecs"]

[Event "Championnat d'Europe de Blitz"]
[Date "2024.12.09"]
[White "Manea, Alexandru"]
[Black "Safarli, Eltaj"]
[WhiteElo "2272"]
[BlackElo "2610"]
[Round "4.27"]
[Result "1-0"]
[TimeControl "180+2"]

1. Nf3 Nf6 2. g3 g6 3. Bg2 Bg7 4. O-O O-O 5. c4 c6 6.
d4 d5 7.
cxd5 cxd5 8.
Nc3 Nc6 9. Ne5 Bf5 10. Nxc6 bxc6 11. Bf4 Nd7 12. Rc1 e5 13. dxe5 Nxe5 14. b3 Re8 15. Qd2 h5 16. h3 Rc8 17. Na4 h4 18. g4 Nxg4 19. hxg4 Bxg4 20. Rfe1 h3 21. Bf3 Bxf3 22. exf3 Qf6 23. Re3 d4 24. Rd3 Qf5 25. Nc5 Rcd8 26. Ne4 Qh5 27. Kh2 Rd5 28. Ng3 Qh4 29. Rxc6 g5 30. Bc7 f5 31. Qd1 f4 32. Rg6 fxg3+ 33. Bxg3 Qh5 34. Rc6 Rd7 35. Rc5 Rde7 36. f4 Qxd1 37. Rxd1 gxf4 38. Bxf4 Re2 39. Bg3 Rxa2 40. Kxh3 Rb2 41. Rd3 Rb1 42.
Rc7 a5 43. Ra7 Ra1 44. Kg2 Ra3 45. Bd6 Ra2 46. Rg3 1-0

[Site "Europe Echecs"]

[Event "Championnat d'Europe de Blitz"]
[Date "2024.12.09"]
[White "Muter, Donny"]
[Black "Fressinet, Laurent"]
[WhiteElo "2206"]
[BlackElo "2588"]
[Round "4.28"]
[Result "0-1"]
[TimeControl "180+2"]

1. b3 g6 2. Bb2 Nf6 3. Nf3 Bg7 4. e3 c5 5. Be2 O-O 6. O-O Nc6 7. d4 d6 8. c4 Bf5 9. Nc3 Ne4 10. Nxe4 Bxe4 11. Qd2 Qb6 12. Rfd1 Rad8 13. Bc3 Qc7 14. d5 Bxc3 15. Qxc3 Bxf3 16. Bxf3 Ne5 17. Be2 Nd7 18. h4 Nf6 19. h5 Qd7 20. Qc2 gxh5 21. e4 Kh8 22. Rd3 Rg8 23. Re3 Rg7 24. Bf3 Rdg8 25. Kf1 Ng4 26. Rc3 Nh2+ 27. Ke2 Nxf3 28. Rxf3 Rxg2 29. Rxf7 Qg4+ 30. Rf3 Rxf2+ 0-1

[Site "Europe Echecs"]

[Event "Championnat d'Europe de Blitz"]
[Date "2024.12.09"]
[White "Ribeiro, Gustavo"]
[Black "Kadric, Denis"]
[WhiteElo "2241"]
[BlackElo "2544"]
[Round "4.29"]
[Result "0-1"]
[TimeControl "180+2"]

1. e4 d6 2. c4 g6 3. Nc3 Bg7 4. g3 e5 5. Bg2 c6 6. Nge2 a6 7. d4 Nd7 8.
O-O Ne7 9.
Be3 O-O 10.
Qd2 b5 11.
cxb5 axb5 12. a3 Nb6 13. b3 Qc7 14. d5 cxd5 15. Nxb5 Qd7 16. Qb4 d4 17. Bg5 Ba6 18. Bxe7 Qxe7 19. a4 Rfb8 20.
Rfc1 Bf8 21.
Rc7 Qd8 22.
Rac1 d5 23. Qd2 Bxb5 24. axb5 Nc4 25. bxc4 Qxc7 26. exd5 Qa5 27. Qg5 d3 28. Nc3 Ba3 29. Ne4 Bxc1 30. Nf6+ Kh8 31. Qh4 h6 32. Ne4 Qe1+ 33. Bf1 Rb6 34. d6 Kg8 35. Nf6+ Kg7 36. Ne4 Bg5 37. Qg4 Ra1 0-1

[Site "Europe Echecs"]